 Dungeon Crawl Stone Soup version 0.13.0-21-ge43020b (webtiles) character file.

2224 M4edhros the Unseen (level 9, 0/54 HPs)
             Began as an Octopode Artificer on Oct 26, 2013.
             Slain by a wight
             ... wielding a +0,+0 great mace
              (22 damage)
             ... on Level 6 of the Dungeon.
             The game lasted 00:09:25 (6103 turns).

M4edhros the Unseen (Octopode Artificer)            Turns: 6103, Time: 00:09:25

HP   0/54        AC  1     Str 14      XL: 9   Next: 15%
MP  13/13        EV  9     Int 17      God:
Gold 328         SH 13     Dex 11 (12) Spells:  0 memorised,  8 levels left

Res.Fire  : . . .   See Invis. : +   a - +0 short sword (curse)
Res.Cold  : . . .   Warding    : .   n - +0 shield
Life Prot.: . . .   Conserve   : .   (helmet restricted)
Res.Poison: .       Res.Corr.  : .   k - amulet of faith {unknown}
Res.Elec. : .       Clarity    : .   (no ring)
Sust.Abil.: . .     Spirit.Shd : .   (no ring)
Res.Mut.  : .       Stasis     : .   v - ring of Blikhloy {Str+3 SInv}
Res.Rott. : .       Flight     : .   (no ring)
Saprovore : . . .                    (no ring)
                                     (no ring)
                                     (no ring)
                                     (no ring)

@: drained, slightly resistant to hostile enchantments, extraordinarily stealthy
A: almost no armour, amphibious, 8 rings, constrict 8, camouflage 2, berserk 1,
deterioration 1, AC +1
a: no special abilities


You were on level 6 of the Dungeon.
You were very hungry.

You visited 1 branch of the dungeon, and saw 6 of its levels.

You collected 308 gold pieces.

Inventory:

Hand weapons
 a - a cursed +0,+0 short sword (weapon)
Armour
 n - a +0 shield (worn)
Magical devices
 b - a wand of flame (0)
 c - a wand of enslavement (3)
 d - a wand of random effects (0)
 l - a wand of random effects (13)
 q - a wand of cold (4)
 B - a wand of disintegration (4) {unknown}
Comestibles
 f - 6 bread rations
 j - a choko
 o - 3 meat rations
 x - an apple
 E - a rambutan
Scrolls
 h - a scroll of teleportation {unknown}
 p - 2 scrolls of fog
 r - a scroll of enchant weapon II
 s - 2 scrolls of magic mapping
 w - a scroll of blinking
 y - 2 scrolls of enchant weapon I {unknown}
 z - 2 scrolls of identify
 F - a scroll of enchant armour {unknown}
Jewellery
 e - an uncursed ring of teleportation
 g - the ring of the Ant {rC+ MR++ Dex+4 Int+2, unknown}
   (You found it on level 5 of the Dungeon)

   [ring of protection from cold]

   It affects your intelligence (+2).
   It affects your dexterity (+4).
   It affects your resistance to hostile enchantments.
 k - an amulet of faith (around mantle) {unknown}
 u - an uncursed ring of wizardry {unknown}
 v - the ring of Blikhloy (on tentacle) {Str+3 SInv}
   (You found it on level 4 of the Dungeon)

   [ring of see invisible]

   It affects your strength (+3).
 A - an uncursed amulet of resist corrosion {unknown}
 C - an uncursed amulet of conservation {unknown}
Potions
 i - a potion of heal wounds
 m - 2 potions of curing
 t - a potion of restore abilities
 G - a potion of might {unknown}
Books
 D - a book of Death

   Spells                             Type                      Level
   Corpse Rot                         Necromancy                   2
   Sublimation of Blood               Necromancy                   2
   Agony                              Necromancy                   5
   Dispel Undead                      Necromancy                   5
   Excruciating Wounds                Charms/Necromancy            5
   Bolt of Draining                   Conjuration/Necromancy       6


   Skills:
 - Level 1.0(0.3) Fighting
 - Level 1.0(0.3) Short Blades
 - Level 2.0(1.2) Dodging
 + Level 15.4(14.4) Stealth
 - Level 3.2(2.4) Evocations


You had 8 spell levels left.
You didn't know any spells.

Dungeon Overview and Level Annotations

Branches:
Dungeon (6/27)
 Temple: D:4-7          Orc: D:6-11

Altars:
Nemelex Xobeh
Vehumet

Shops:
D:6 *


Innate Abilities, Weirdness & Mutations

You cannot wear most types of armour.
You are amphibious.
You can wear up to eight rings at the same time.
You can use your tentacles to constrict many enemies at once.
Your skin blends seamlessly with your surroundings (Stlth).
Your rubbery body absorbs attacks (AC +1).
You tend to lose your temper in combat.
Your body is slowly deteriorating.


Message History

You impale the wight!!
You destroy the wight!
The helpless wight fails to defend itself.
You slice the wight!!
You destroy the wight!
You closely miss the wight. Your grab misses the wight.
Your squeeze misses the wight. The wight closely misses you.
You hit the wight but do no damage. You grab the wight.
You constrict the wight, but do no damage.
The wight hits you with a great mace!
You feel drained.
You hit the wight.
The wight is moderately damaged.
You constrict the wight. The wight hits you with a great mace!
You feel drained.
A wight is nearby!
You hit the wight.
You squeeze the wight, but do no damage.
The wight is heavily damaged.
You constrict the wight. The wight hits you with a great mace!
You die...

#.... #.### #.# #.#
#.# ######## #.#
#......# #.#
#.....)##### #.###
#...z@.....# #.∩..
#....)...).###########
#....).....'........#
#####'#....########.#
#.#....# #.# #.######
#.# #.# #.# #.# #)#
#'# #.#


You could see a wight.

Vanquished Creatures
  A wolf (D:6)
  2 yaks (D:4)
  4 sky beasts
  3 ogres
  2 centaurs
  A big kobold (D:6)
  4 wights (D:6)
  2 hounds (D:5)
  A jelly (D:5)
  An orc wizard (D:5)
  4 scorpions
  2 iguanas
  3 worker ants (D:5)
  Ijyb (D:3)
  Jessica (D:3)
  A worker ant zombie (D:5)
  7 adders
  3 gnolls (D:5)
  A giant mite (D:5)
  A worm (D:6)
  6 giant geckos
  An ooze (D:5)
  4 orcs
  2 ball pythons
  7 bats
  5 giant cockroaches
  8 goblins
  10 hobgoblins
  3 jackals
  11 kobolds
  5 quokkas
  6 giant newts
  A goblin skeleton (D:4)
  A hobgoblin skeleton (D:5)
  10 rats
125 creatures vanquished.

Vanquished Creatures (collateral kills)
  2 yaks (D:4)
  A giant frog (D:6)
  An orc (D:6)
  A hobgoblin (D:6)
  A jackal (D:3)
  A quokka (D:5)
7 creatures vanquished.

Grand Total: 132 creatures vanquished

Notes
Turn   | Place    | Note
--------------------------------------------------------------
     0 | D:1      | M4edhros, the Octopode Artificer, began the quest for the Orb.
     0 | D:1      | Reached XP level 1. HP: 14/14 MP: 1/1
    60 | D:1      | Reached XP level 2. HP: 16/19 MP: 3/3
   316 | D:1      | Reached skill level 4 in Stealth
   382 | D:1      | Reached XP level 3. HP: 24/24 MP: 4/4
   868 | D:2      | Reached skill level 5 in Stealth
  1234 | D:3      | Noticed an ogre
  1245 | D:3      | Noticed Ijyb
  1245 | D:3      | Killed an ogre
  1245 | D:3      | Reached skill level 7 in Stealth
  1245 | D:3      | Reached XP level 4. HP: 21/29 MP: 6/6
  1245 | D:3      | Reached XP level 5. HP: 24/34 MP: 7/7
  1253 | D:3      | Killed Ijyb
  1539 | D:3      | Found a sparkling altar of Nemelex Xobeh.
  1561 | D:3      | Gained mutation: Your body is slowly deteriorating. [potion of mutation]
  1561 | D:3      | Gained mutation: You evolve. [potion of mutation]
  1561 | D:3      | Gained mutation: You tend to lose your temper in combat. [potion of mutation]
  1729 | D:3      | Noticed Jessica
  1738 | D:3      | Killed Jessica
  1746 | D:3      | Reached skill level 8 in Stealth
  2246 | D:4      | Noticed an ogre
  2252 | D:4      | Got a crude golden ring
  2362 | D:4      | Killed an ogre
  2362 | D:4      | Reached XP level 6. HP: 35/39 MP: 9/9
  2542 | D:4      | Lost mutation: You evolve. [evolution]
  2654 | D:4      | Noticed a yak
  2655 | D:4      | Noticed a yak
  2655 | D:4      | Noticed a yak
  2655 | D:4      | Noticed a yak
  2656 | D:4      | Noticed a yak
  2674 | D:4      | Killed a yak
  2674 | D:4      | Reached skill level 9 in Stealth
  2682 | D:4      | Killed a yak
  2684 | D:4      | a yak (ally) was killed
  2684 | D:4      | Reached skill level 10 in Stealth
  2684 | D:4      | Reached XP level 7. HP: 21/44 MP: 10/10
  2686 | D:4      | Killed a yak
  3087 | D:5      | Entered Level 5 of the Dungeon
  3127 | D:5      | Identified the ring of Blikhloy {Str+3 SInv} (You found it on level 4 of the Dungeon)
  3262 | D:5      | Reached skill level 11 in Stealth
  3664 | D:5      | Reached skill level 12 in Stealth
  3787 | D:5      | Reached XP level 8. HP: 36/50 MP: 12/12
  3979 | D:5      | Got a brightly glowing glass ring
  4120 | D:5      | Reached skill level 13 in Stealth
  4168 | D:5      | Found a radiant altar of Vehumet.
  4955 | D:6      | Reached skill level 14 in Stealth
  4979 | D:6      | Gained mutation: Your skin blends seamlessly with your surroundings (Stlth). [potion of beneficial mutation]
  5575 | D:6      | Reached XP level 9. HP: 10/54 MP: 13/13
  5889 | D:6      | Reached skill level 15 in Stealth
  5953 | D:6      | Found Clusto's Assorted Antiques.
  6103 | D:6      | Slain by a wight

Action                   |  1- 3 |  4- 6 |  7- 9 || total
-------------------------+-------+-------+-------++-------
Melee: Short sword       |    65 |    10 |   125 ||   200
       Whip              |    27 |    40 |       ||    67
Evoke: Wand              |     2 |    13 |    30 ||    45
  Use: Potion            |       |     4 |     3 ||     7
       Scroll            |       |       |    11 ||    11
 Stab: Sleeping          |     5 |    10 |    26 ||    41
       Distracted        |       |       |     1 ||     1
       Confused          |       |       |     1 ||     1
